 Dungeon Crawl Stone Soup version 0.31.0-12-g77e489cdc1 (webtiles) character file.

Game seed: 532603994134107875

123 Gadfly the Trooper (level 5, -4/82 HPs)
             Began as an Oni Berserker on Feb 27, 2024.
             Was a Believer of Trog.
             Slain by a gnoll
             ... wielding a +0 halberd
              (9 damage)
             ... on level 3 of the Dungeon.
             The game lasted 00:04:07 (1408 turns).

Gadfly the Trooper (Oni Berserker)                  Turns: 1408, Time: 00:04:08

Health: -4/82      AC:  7    Str: 21    XL:     5   Next: 7%
Magic:  0/5        EV: 10    Int:  8    God:    Trog [**....]
Gold:   111        SH:  0    Dex: 10    Spells: 4/4 levels left

rFire   . . .        a - +0 mace
rCold   . . .        (no shield)
rNeg    . . .        b - +0 animal skin
rPois   .            (helmet restricted)
rElec   .            (no cloak)
rCorr   +            (gloves unavailable)
SInv    .            (boots unavailable)
Will    .....        i - amulet of guardian spirit Stlth
                     e - +4 ring of protection
HPRegen 0.33/turn    g - ring of resist corrosion
MPRegen 0.09/turn

%: guardian spirit
@: berserking (expiring), very quick
A: large, unfitting armour, horns 1, tough skin 1, double potion healing,
drunken brawling
a: Renounce Religion, Berserk, Trog's Hand


You were on level 3 of the Dungeon.
You worshipped Trog.
Trog was pleased with you.
You visited 1 branch of the dungeon, and saw 3 of its levels.

You collected 111 gold pieces.

Inventory:

Hand Weapons
 a - a +0 mace (weapon)
Armour
 b - a +0 animal skin (worn)
Jewellery
 e - a +4 ring of protection (left hand)
 g - a ring of resist corrosion (right hand)
 i - an amulet of guardian spirit (around neck)
Scrolls
 c - a scroll of teleportation
Potions
 d - a potion of lignification {unknown}
 f - a potion of curing
 j - a potion of degeneration {unknown}
 k - a potion of mutation
 l - a potion of might {unknown}


   Skills:
 + Level 4.7 Fighting
 * Level 3.9 Maces & Flails
 * Level 1.9 Armour
 - Level 2.6 Dodging
 * Level 1.7 Evocations


You had 4 spell levels left.
You didn't know any spells.
Your spell library was empty.

Dungeon Overview and Level Annotations

Branches:
Dungeon (3/15)

Altars:


Innate Abilities, Weirdness & Mutations

You are too large for most types of armour.
You have a pair of small horns on your head.
You have tough skin. (AC +1)
You gain doubled healing and magic from potions.
Whenever you drink a healing potion, you attack all around you.


Message History

The orc priest is moderately wounded.
The gnoll hits you but does no damage. The orc hits you with a +0 trident.
The orc priest hits you but does no damage.
You barely miss the orc priest.
The orc priest is moderately wounded.
The gnoll hits you with a +0 spear.
* * * LOW HITPOINT WARNING * * *
The orc barely misses you. The orc priest hits you with a +0 whip.
* * * LOW HITPOINT WARNING * * *
You sock the orc priest!
The orc priest is almost dead.
The gnoll misses you.
The orc priest calls down the wrath of Beogh upon you.
Pain shoots through your body!
* * * LOW HITPOINT WARNING * * *
The orc closely misses you.
You barely miss the orc priest. You headbutt the orc priest.
You kill the orc priest!
Trog accepts your kill. The gnoll hits you but does no damage.
You have reached level 5!
You hit the orc.
The orc is almost dead.
The orc closely misses you. The gnoll closely misses you.
You thump the orc!
You kill the orc!
Trog accepts your kill. The gnoll barely misses you.
The gnoll hits you with a +0 club.
* * * LOW HITPOINT WARNING * * *
The gnoll barely misses you.
You closely miss the gnoll. Your headbutt misses the gnoll.
The giant cockroach misses you. The gnoll barely misses you.
The gnoll closely misses you. x2
You closely miss the gnoll. Your headbutt misses the gnoll.
The giant cockroach bites you.
* * * LOW HITPOINT WARNING * * *
The gnoll hits you but does no damage. The gnoll hits you with a +0 club.
* * * LOW HITPOINT WARNING * * *
The gnoll hits you from afar with a +0 halberd!
You die...

#...........# #.#
#...........# #.#
#...........# #.#
#...........# #.# # #.#
# ######## #.########
#......# #.........
####....gg####.########
........gg@.##.#
#.....B#)##.#
........###.##.#
....###.# #.##.# ...
#.# #.#..# . #.# #...##
#o# #..## #o# #..# ..#
#..#


You could see 4 gnolls and a giant cockroach.

Vanquished Creatures
  2 orc priests (D:3)
  2 dart slugs
  2 ribbon worms (D:2)
  2 orcs (D:3)
  2 ball pythons (D:2)
  5 endoplasms
  3 giant cockroaches
  9 goblins
  3 hobgoblins (D:1)
  2 jackals (D:2)
  3 kobolds
  3 quokkas
  5 bats
  A frilled lizard (D:2)
  4 rats (D:1)
48 creatures vanquished.

Notes
Turn   | Place    | Note
-------+----------+-------------------------------------------
     0 | D:1      | Gadfly the Oni Berserker began the quest for the Orb.
     0 | D:1      | Reached XP level 1. HP: 24/24 MP: 1/1
    99 | D:1      | Reached XP level 2. HP: 30/32 MP: 2/2
   276 | D:1      | Reached XP level 3. HP: 39/40 MP: 3/3
   291 | D:1      | Reached skill level 1 in Evocations
   332 | D:1      | Reached skill level 1 in Armour
   333 | D:1      | Reached ** piety under Trog
  1099 | D:2      | Reached XP level 4. HP: 47/49 MP: 4/4
  1405 | D:3      | Reached XP level 5. HP: 9/55 MP: 1/5
  1408 | D:3      | Slain by a gnoll

Illustrated notes

Levels and vault maps discovered:
D:1:      grunt_arrival_crossed_arrows, layout_basic, serial_bayou_pond_a,
          minmay_tripent
D:2:      layout_loops_ring
D:3:      layout_basic, mainiacjoe_overflow_brackets

Skill      XL: |  1  2  3 |
---------------+----------+-----
Evocations     | 1 |  1.7
Armour         | 1 |  1.9
Fighting       | |  4.7
Maces & Flails | |  3.9
Dodging        | |  2.6

Action                     |  1- 3 |  4- 6 || total
---------------------------+-------+-------++-------
  Melee: Mace              |    79 |    26 ||   105
         Headbutt          |    12 |     5 ||    17
 Invoke: Berserk           |       |     1 ||     1
    Use: Scroll            |     4 |     1 ||     5
         Potion            |     1 |       ||     1
 Armour: Animal skin       |    45 |    32 ||    77
  Dodge: Dodged            |    52 |    23 ||    75
